 Dungeon Crawl Stone Soup version 0.13-a0-2537-g1f6edf4 (webtiles) character file.

423 Kae the Ruinous (level 5, 0/28 HPs)
             Began as a Tengu Fire Elementalist on July 27, 2013.
             Slain by a gnoll
             ... wielding a +0,+0 spear
              (7 damage)
             ... on Level 4 of the Dungeon.
             The game lasted 00:04:24 (4000 turns).

Kae the Ruinous (Tengu Fire Elementalist)           Turns: 4000, Time: 00:04:25

HP   0/28        AC  2     Str  8      XL: 5   Next: 75%
MP   4/12        EV 12     Int 17      God:
Gold 226         SH  0     Dex 14      Spells:  3 memorised,  3 levels left

Res.Fire  : . . .   See Invis. : .   (no weapon)
Res.Cold  : . . .   Warding    : .   a - +0 robe
Life Prot.: . . .   Conserve   : .   (no shield)
Res.Poison: .       Res.Corr.  : .   (helmet restricted)
Res.Elec. : .       Clarity    : .   (no cloak)
Sust.Abil.: . .     Spirit.Shd : .   (no gloves)
Res.Mut.  : .       Stasis     : .   (boots unavailable)
Res.Rott. : .       Flight     : .   (no amulet)
Saprovore : . . .                    (no ring)
                                     (no ring)

@: very slightly contaminated, slightly resistant to hostile enchantments,
fairly stealthy
A: able to fly, beak, talons 3
a: Fly


You were on level 4 of the Dungeon.
You were very hungry.

You visited 1 branch of the dungeon, and saw 4 of its levels.

You collected 206 gold pieces.

Inventory:

Armour
 a - a +0 robe (worn)
Magical devices
 z - a wand of fire (9) {unknown}
Comestibles
 c - 7 bread rations
 f - a meat ration
 k - a sausage
 s - an apple
 A - a pear
Scrolls
 d - 3 scrolls of remove curse {unknown}
 e - 3 scrolls of amnesia {unknown}
 g - a scroll of curse armour {unknown}
 h - a scroll of enchant weapon I {unknown}
 m - a scroll of magic mapping {unknown}
 o - 2 scrolls of fear {unknown}
 p - a scroll of identify {unknown}
 q - 2 scrolls of enchant weapon II {unknown}
 r - 3 scrolls of teleportation {unknown}
 w - a scroll of random uselessness {unknown}
 x - a scroll of recharging {unknown}
 y - a scroll of curse jewellery {unknown}
Jewellery
 i - an uncursed ring of protection from cold {unknown}
 t - an uncursed amulet of resist corrosion {unknown}
 u - an uncursed ring of flight {unknown}
Potions
 j - a potion of curing
 l - a potion of degeneration {unknown}
 n - 2 potions of restore abilities {unknown}
 v - 2 potions of heal wounds {unknown}
 B - a potion of resistance {unknown}
Books
 b - a book of Flames

   Spells                             Type                      Level
   *Flame Tongue                      Conjuration/Fire             1
   *Throw Flame                       Conjuration/Fire             2
   *Conjure Flame                     Conjuration/Fire             3
   Inner Flame                        Hexes/Fire                   3
   Sticky Flame                       Conjuration/Fire             4
   Fireball                           Conjuration/Fire             5


   Skills:
 - Level 2.1 Dodging
 - Level 2.0 Stealth
 + Level 2.5 Spellcasting
 * Level 5.0 Conjurations
 + Level 4.4 Fire Magic


You had 3 spell levels left.
You knew the following spells:

 Your Spells              Type           Power        Failure   Level  Hunger
a - Flame Tongue          Conj/Fire      ###..        2%          1    #......
b - Throw Flame           Conj/Fire      ###...       4%          2    ##.....
c - Conjure Flame         Conj/Fire      ###.....     10%         3    ###....


Dungeon Overview and Level Annotations

Branches:
Dungeon (4/27)
 Temple: D:4-7

Altars:
Makhleb
Trog
Xom
the Shining One

Portals:
Ziggurat: D:3 (3400 gp)


Innate Abilities, Weirdness & Mutations

You can fly.
You have a beak for a mouth.
You have claws for feet.


Message History

Aiming: Conjure Flame
Press: ? - help, Dir - move target cursor, f - gnoll
Aim: a gnoll, wielding a spear
Okay, then.
Unknown command.
You are starting to lose your buoyancy.
Casting: Conjure Flame
Confirm with . or Enter, or press ? or * to list all spells.
Aiming: Conjure Flame
Press: ? - help, Dir - move target cursor You miscast Conjure Flame.
You are very lightly contaminated with residual magic.
You feel a strange surge of energy!
You hit the orc.
The orc is moderately wounded.
You float gracefully downwards.
The orc hits you with an orcish short sword.
* * * LOW HITPOINT WARNING * * *
The gnoll hits you from afar with a spear!
You die...

#)....# #..# #..# #.....#
#..#########..# #
#o....#####........%....#
.###z......................#
..##..#.........(..........#
...#.##..........######....#
....###..........#....#....#
...##.##########o#....#....#
..##...........#@'....#....#
...##.#######..#.#....#....#
....### #..#g#....#....#
..#.### #..#.#....#....#
.##.#.## #..#.######....#
....#..######..#...........#
....#..........#...........#
....###'########......o....#
.....%%....................#


You could see a gnoll and an orc.

Vanquished Creatures
  A scorpion (D:4)
  A worker ant (D:4)
  A hound (D:4)
  4 adders
  4 giant geckos
  2 orcs (D:3)
  5 bats
  6 giant cockroaches
  8 goblins
  7 hobgoblins
  4 kobolds
  A quokka (D:3)
  3 ball pythons
  A giant gecko skeleton (D:4)
  5 giant newts
  4 jackals
  15 rats
72 creatures vanquished.

Notes
Turn   | Place    | Note
--------------------------------------------------------------
     0 | D:1      | Kae, the Tengu Fire Elementalist, began the quest for the Orb.
     0 | D:1      | Reached XP level 1. HP: 10/10 MP: 3/3
   220 | D:1      | Reached XP level 2. HP: 7/15 MP: 0/5
   369 | D:1      | Learned a level 2 spell: Throw Flame
   639 | D:1      | Found a glowing golden altar of the Shining One.
   990 | D:1      | Reached XP level 3. HP: 19/19 MP: 7/7
  1842 | D:2      | Found a shimmering altar of Xom.
  1847 | D:2      | Found a burning altar of Makhleb.
  1927 | D:2      | Reached XP level 4. HP: 20/24 MP: 6/8
  2439 | D:3      | Found a gateway to a ziggurat.
  2440 | D:3      | Reached skill level 4 in Fire Magic
  2717 | D:3      | Found a bloodstained altar of Trog.
  3293 | D:4      | Reached XP level 5. HP: 12/28 MP: 3/11
  3540 | D:4      | Noticed an ogre
  3546 | D:4      | Learned a level 3 spell: Conjure Flame
  3914 | D:4      | Reached skill level 5 in Conjurations
  4000 | D:4      | Slain by a gnoll

Action                   |  1- 3 |  4- 6 || total
-------------------------+-------+-------++-------
Melee: Unarmed           |    40 |     6 ||    46
 Cast: Flame Tongue      |    59 |    80 ||   139
       Throw Flame       |       |     1 ||     1
 Abil: Fly               |       |     1 ||     1
  Use: Potion            |       |     1 ||     1
 Stab: Sleeping          |     2 |       ||     2
